AoeStats
← General_Popson

Arena

505872645Analyzed
3v3 RM · 21d ago on Sep 11, 2026· 69m 54s· 6 players
Game mode
Random Map
Map size
Normal (6 player)
Population
200
Speed
Normal
Resources
Standard
Victory
Conquest
Starting age
Dark Age
Ending age
Imperial Age
RankedLock teamsTeams togetherTeam positionsShared explorationLock speedFull tech treeHidden civsTurbo modeCheats
Victory
Defeat
🇪🇨 Wu · Ecuador
652
+14
🇪🇸 Romans · Spain
550
+18
🇪🇸 Bohemians · Spain
541
+18
🇹🇷 Hindustanis · Türkiye
617
-18
🇯🇵 Mongols · Japan
608
-17
🇮🇳 Turks · India
565
-15
gubii
2:22 Loom
15:13 Feudal Age
16:30 Wheelbarrow
15:43 Double-Bit Axe
15:41 Horse Collar
22:05 Castle Age
21:07 Scale Barding Armor
23:23 Forging
23:27 Scale Mail Armor
25:29 Chain Barding Armor
25:24 Gold Mining
26:17 Pikeman
26:58 Squires
27:03 Heavy Plow
28:10 Husbandry
28:23 Bloodlines
28:25 Caravan
29:04 Stone Mining
30:52 Hand Cart
32:35 Padded Archer Armor
32:51 Chain Mail Armor
33:51 Fortified Wall
34:57 Leather Archer Armor
35:28 Coinage
37:10 Grand Trunk Road
39:49 Imperial Age
38:54 Gold Shaft Mining
41:02 Banking
40:56 Conscription
39:59 Heavy Camel Rider
41:05 Ballistics
43:25 Chemistry
43:10 Bow Saw
43:58 Plate Barding Armor
43:15 Elite Skirmisher
44:07 Shatagni
45:57 Stone Shaft Mining
46:05 Town Watch
46:23 Murder Holes
47:06 Hoardings
46:20 Arson
47:00 Siege Elephant
49:21 Two-Man Saw
49:23 Iron Casting
49:34 Imperial Camel Rider
54:10 Onager
55:26 Elite Ghulam
satoshi.urushiyama
0:43 Loom
12:12 Feudal Age
13:30 Double-Bit Axe
16:51 Wheelbarrow
15:52 Man-at-Arms
18:30 Bloodlines
20:38 Castle Age
22:24 Bow Saw
22:14 Elite Skirmisher
24:27 Wheelbarrow
27:38 Squires
29:57 Caravan
32:13 Hand Cart
34:21 Bloodlines
34:12 Husbandry
33:37 Long Swordsman
34:50 Thumb Ring
35:07 Stone Mining
35:08 Gold Mining
36:56 Gold Shaft Mining
36:56 Stone Shaft Mining
40:03 Imperial Age
40:19 Heavy Camel Rider
40:20 Elite Steppe Lancer
42:07 Masonry
42:18 Ballistics
42:59 Chemistry
42:06 Siege Engineers
42:24 Scale Barding Armor
42:10 Fletching
42:21 Padded Archer Armor
41:55 Onager
43:24 Drill
43:34 Heavy Scorpion
43:36 Capped Ram
45:12 Elite Mangudai
47:15 Siege Onager
53:07 Hoardings
52:03 Sappers
52:53 Conscription
54:48 Crossbowman
55:49 Siege Ram
s1R1Us
12:09 Feudal Age
15:04 Double-Bit Axe
16:39 Horse Collar
21:16 Castle Age
19:36 Stone Mining
19:49 Gold Mining
29:19 Imperial Age
30:04 Bow Saw
30:49 Conscription
32:16 Two-Man Saw
32:41 Wheelbarrow
33:42 Artillery
34:12 Thumb Ring
35:29 Hand Cart
35:39 Town Watch
37:26 Padded Archer Armor
39:51 Gold Shaft Mining
39:32 Caravan
41:23 Elite Janissary
47:41 Fletching
48:07 Leather Archer Armor
staL-vuelve
0:45 Loom
13:41 Feudal Age
15:18 Wheelbarrow
21:21 Castle Age
20:04 Double-Bit Axe
21:53 Pikeman
22:35 Squires
22:20 Arson
22:35 Horse Collar
23:09 Bow Saw
26:17 Hand Cart
29:11 Chemistry
31:04 Treadmill Crane
31:46 Scale Mail Armor
31:57 Forging
33:59 Chain Mail Armor
34:20 Iron Casting
36:26 Caravan
39:28 Imperial Age
38:53 Husbandry
39:56 Heavy Plow
40:11 Scale Barding Armor
44:20 Conscription
44:09 Houfnice
44:55 Cavalier
46:59 Conscription
48:39 Chain Barding Armor
49:20 Blast Furnace
53:27 Elite Hussite Wagon
57:13 Halberdier
Three Eyes
11:41 Feudal Age
12:09 Double-Bit Axe
20:03 Castle Age
20:59 Gold Mining
21:20 Horse Collar
21:47 Stone Mining
22:05 Heavy Plow
22:18 Bow Saw
28:51 Forging
28:41 Scale Mail Armor
29:10 Gold Mining
30:24 Man-at-Arms
31:07 Squires
30:57 Arson
31:32 Long Swordsman
35:24 Imperial Age
35:42 Iron Casting
35:22 Chain Mail Armor
35:34 Chain Mail Armor
35:29 Two-Handed Swordsman
37:19 Sitting Tiger
36:47 Champion
40:29 Pikeman
42:13 Blast Furnace
41:44 Plate Mail Armor
43:16 Two-Man Saw
43:56 Halberdier
69:29 Caravan
General_Popson
3:59 Loom
12:36 Feudal Age
14:08 Wheelbarrow
13:53 Double-Bit Axe
13:50 Horse Collar
16:26 Gold Mining
24:25 Stone Mining
28:49 Castle Age
30:14 Gold Shaft Mining
29:54 Bow Saw
30:25 Hand Cart
30:13 Heavy Plow
35:23 Forging
37:49 Crossbowman
40:20 Husbandry
40:31 Bloodlines
40:30 Caravan
40:57 Ballistics
48:35 Scale Barding Armor
58:00 Imperial Age
58:40 Ballistas
61:48 Heavy Scorpion
65:51 Crop Rotation
68:44 Chemistry
67:55 Masonry
67:41 Murder Holes
Connection lost

Rejoining the realm…

Still unreachable

The connection could not be restored.

Session expired

The server has moved on; the page needs a fresh start.